 Dungeon Crawl Stone Soup version 0.29-a0-409-gd843f3a (webtiles) character file.

Game seed: 15195466571794510521

71 Illumine the Bolt Thrower (level 4, 0/27 HPs)
             Began as a Kobold Hunter on May 12, 2022.
             Killed from afar by Natasha (5 damage)
             ... with a magic dart
             ... on level 2 of the Dungeon.
             The game lasted 00:02:14 (1224 turns).

Illumine the Bolt Thrower (Kobold Hunter)           Turns: 1224, Time: 00:02:15

Health: 0/27       AC:  5    Str:  8    XL:     4   Next: 47%
Magic:  4/4        EV: 15    Int: 10    God:
Gold:   8          SH:  0    Dex: 20    Spells: 3/3 levels left

rFire   . . .      SeeInvis .   a - +1 hand crossbow
rCold   . . .      Faith    .   (no shield)
rNeg    . . .      Spirit   .   b - +0 leather armour
rPois   .          Reflect  .   (no helmet)
rElec   .          Harm     .   f - +0 cloak
rCorr   .          Rampage  .   g - +0 pair of gloves
Will    .....                   (no boots)
Stlth   ++++......              (no amulet)
HPRegen 0.09/turn               (no ring)
MPRegen 0.09/turn               (no ring)

@: slowed, very slow
A: small, no large weapons, nightstalker 3
a: no special abilities


You were on level 2 of the Dungeon.
You visited 1 branch of the dungeon, and saw 2 of its levels.

You collected 41 gold pieces.
You spent 33 gold pieces at shops.

Inventory:

Hand Weapons
 a - a +1 hand crossbow (weapon)
Armour
 b - a +0 leather armour (worn)
 f - a +0 cloak (worn)
 g - a +0 pair of gloves (worn)
Scrolls
 c - a scroll of immolation
 d - 3 scrolls of identify {unknown}
 e - a scroll of magic mapping {unknown}
 j - a scroll of teleportation {unknown}
Potions
 h - a potion of resistance {unknown}
 i - a potion of haste {unknown}
 k - a potion of curing


   Skills:
 + Level 2.5 Fighting
 * Level 6.4 Crossbows
 + Level 2.8 Dodging
 + Level 3.5 Stealth


You had 3 spell levels left.
You didn't know any spells.
Your spell library contained the following spells:

 Spells                   Type           Power      Damage    Failure   Level
 Scorch                   Fire           0%         2d5       63%         2
 Flame Wave               Conj/Fire      0%         2d4       99%         4
 Summon Cactus Giant      Summ           0%         N/A       100%        6


Dungeon Overview and Level Annotations

Branches:
Dungeon (2/15)

Altars:

Shops:
D:2 !

Annotations:
D:2 Natasha


Innate Abilities, Weirdness & Mutations

You are small and have problems with some larger weapons.
You are completely attuned to the shadows.


Message History

The goblin is heavily wounded.
You shoot a bolt. The bolt hits the goblin!
You kill the goblin!
Found 16 stones.
Things that are here:
a +0 club; a goblin corpse
Found Ekuom's Distillery.
There is an entrance to Ekuom's Distillery here.
k - a potion of curing Thank you for shopping at Ekuom's Distillery!
You see here 16 stones.
Found a hunting sling.
Natasha, Servant of Life and Death comes into view.
You shoot a bolt. The bolt closely misses Natasha.
Natasha hisses angrily.
Natasha stares at you and mumbles some strange words.
You feel yourself slow down.
You shoot a bolt.
The bolt hits Natasha but does no damage.
You shoot a bolt. The bolt barely misses Natasha.
Natasha barely misses you. Natasha closely misses you.
You shoot a bolt. The bolt closely misses Natasha.
Natasha claws you but does no damage.
You shoot a bolt. The bolt misses Natasha.
Natasha claws you. Natasha completely misses you.
You shoot a bolt.
The bolt hits Natasha but does no damage.
Natasha extends her claws.
Natasha claws you! Natasha claws you.
You are too injured to fight recklessly!
Shoot: a) +1 hand crossbow
Press: ? - help, Q - select action Shift-Dir - straight line, f/p - Natasha
Aim: Natasha (62% to hit)
You shoot a bolt. The bolt hits Natasha.
Natasha is lightly wounded.
Natasha barely misses you. Natasha claws you.
* * * LOW HITPOINT WARNING * * *
Natasha stares at you and mumbles some strange words.
The magic dart hits you.
You die...

.# #. #.# #.
################.###[
...................#.
.......).............
.......#....#........
.###.#.#.##.#.#######
....∩..#.##.#.#
...#@#.#.##.#.#
..#..#+#.##.#
..#.#h...# #. ...) #.
.... #. !... .#######
........ ........
........


You could see Natasha.

Vanquished Creatures
  Natasha (D:2)
  A dart slug (D:1)
  2 bats (D:1)
  5 endoplasms
  A giant cockroach (D:2)
  4 hobgoblins
  6 jackals (D:1)
  A quokka (D:1)
  2 ball pythons
  4 frilled lizards
  6 goblins
  5 kobolds
  5 rats
43 creatures vanquished.

Notes
Turn   | Place    | Note
-------+----------+-------------------------------------------
     0 | D:1      | Illumine the Kobold Hunter began the quest for the Orb.
     0 | D:1      | Reached XP level 1. HP: 12/12 MP: 1/1
   200 | D:1      | Reached XP level 2. HP: 17/17 MP: 2/2
   640 | D:1      | Reached XP level 3. HP: 21/21 MP: 3/3
   694 | D:1      | Reached skill level 6 in Crossbows
   993 | D:2      | Noticed Natasha
  1000 | D:2      | Killed Natasha
  1001 | D:2      | Reached XP level 4. HP: 16/27 MP: 4/4
  1212 | D:2      | Found Ekuom's Distillery.
  1215 | D:2      | Bought a potion of curing for 33 gold pieces
  1216 | D:2      | Noticed Natasha
  1224 | D:2      | Killed from afar by Natasha

Illustrated notes

Levels and vault maps discovered:
D:1:      dpeg_arrival_orchard, layout_basic, serial_glass, glass_columns_c,
          glass_columns_a, glass_columns_c, glass_columns_a
D:2:      layout_basic, hellmonk_ecumenical_altar_lost_god, serial_shops,
          nicolae_shop_crystal, basic_altar, uniq_natasha, uniq_sigmund,
          uniq_terence

Skill      XL: |  1  2  3 |
---------------+----------+-----
Stealth        | 2 3 |  3.5
Crossbows      | 6 |  6.4
Fighting       | |  2.5
Dodging        | |  2.8

Action                   |  1- 3 |  4- 6 || total
-------------------------+-------+-------++-------
 Fire: Hand crossbow     |    73 |    10 ||    83
Armor: Leather armour    |     2 |     1 ||     3
Dodge: Dodged            |    17 |     4 ||    21

Table legend: (Time is in decaauts)
 A = Elapsed time spent in this place.
 B = Non-inter-level travel time spent in this place.
 C = Inter-level travel time spent in this place.
 D = Time resting spent in this place.
 E = Time spent auto-exploring this place.
 F = Levels seen in this place.
 G = Mean time per level.
                   A        B        C        D        E       F      G
               +--------+--------+--------+--------+--------+-----+--------+
         Total |   1248 |   1239 |      9 |    146 |    853 |   2 |  624.0 |
       Dungeon |   1248 |   1239 |      9 |    146 |    853 |   2 |  624.0 |
               +--------+--------+--------+--------+--------+-----+--------+

Top non-repeatable levels by time:
     D:1: 783 daAuts
     D:2: 465 daAuts
